 Dungeon Crawl Stone Soup version 0.30.0-5-g1a98f26d00 (webtiles) character file.

Game seed: 9749167701349310452

9343 Implojin the Nimble (level 11, -2/59 HPs)
             Began as a Kobold Air Elementalist on May 9, 2023.
             Was a Follower of Hepliaklqana.
             Slain by an orc warrior
             ... wielding a +0 scimitar of electrocution
              (12 damage)
             ... while paralysed by a hornet
             ... on level 9 of the Dungeon.
             The game lasted 00:32:57 (12298 turns).

Implojin the Nimble (Kobold Air Elementalist)      Turns: 12298, Time: 00:32:57

Health: -2/59      AC: 13    Str:  5    XL:     11   Next: 72%
Magic:  14/14      EV:  3    Int: 20    God:    Hepliaklqana [*.....]
Gold:   310        SH:  0    Dex: 21    Spells: 10/14 levels left

rFire   + . .        C - +8 short sword of the Real Monster {flame, Int+4}
rCold   + . .        (no shield)
rNeg    . . .        A - +1 acid dragon scales
rPois   +            L - +2 helmet
rElec   +            R - scarf {rC+ rF+}
rCorr   +            q - +2 pair of gloves
SInv    .            (no boots)
Will    .....        g - amulet "Zuysh" {Reflect rElec rPois SH+5}
Stlth   +++++        J - +4 ring of slaying
HPRegen 0.29/turn    (no ring)
MPRegen 0.14/turn

%: reflection
@: paralysed
A: reduced essence, small, no large weapons, nightstalker 3
a: Renounce Religion, Recall Ancestor, Ancestor Identity


You were on level 9 of the Dungeon.
You worshipped Hepliaklqana.
Hepliaklqana was aware of your devotion.
You visited 2 branches of the dungeon, and saw 10 of its levels.
You also visited: Bailey.

You collected 424 gold pieces.
You spent 114 gold pieces at shops.

Inventory:

Hand Weapons
 a - a +1 dagger of protection
 b - the +5 sling of Intuition {antimagic, rPois rF++ Will+ Stlth-}
   (You found it on level 5 of the Dungeon)

   rF:        It greatly protects you from fire.
   rPois:     It protects you from poison.
   Will:      It increases your willpower.
   Stlth:     It makes you less stealthy.
 f - a +0 rapier of electrocution
 o - a +1 whip of draining
 u - a +3 flail
 y - the +6 dagger "Sasec" {freeze, Drain Will+ Int+2 Stlth+}
   (You found it on level 7 of the Dungeon)

   Int:       It affects your intelligence (+2).
   Drain:     It drains your maximum health when unequipped.
   Will:      It increases your willpower.
   Stlth:     It makes you more stealthy.
 C - the +8 short sword of the Real Monster (weapon) {flame, Int+4}
   (You found it on level 7 of the Dungeon)

   Int:       It affects your intelligence (+4).
 H - a +2 short sword of protection
Missiles
 j - a curare-tipped dart
 m - 33 poisoned darts
 t - 22 boomerangs (quivered)
Armour
 n - the +1 leather armour of Misanthropy {rElec rPois Int+2}
   (You found it on level 6 of the Dungeon)

   Int:       It affects your intelligence (+2).
   rElec:     It insulates you from electricity.
   rPois:     It protects you from poison.
 q - a +2 pair of gloves (worn)
 v - a +0 robe of fire resistance
 A - +1 acid dragon scales (worn)
 L - a +2 helmet (worn)
 R - a scarf of resistance (worn)
Jewellery
 g - the amulet "Zuysh" (around neck) {Reflect rElec rPois SH+5}
   (You acquired it on level 7 of the Dungeon)

   [amulet of reflection]

   It reflects blocked missile attacks.
   rElec:     It insulates you from electricity.
   rPois:     It protects you from poison.
   SH:        It affects your SH (+5).
 i - a ring of ice
 J - a +4 ring of slaying (left hand)
 M - a ring of see invisible
 Q - an amulet of faith
Wands
 r - a wand of mindburst (2)
 x - a wand of roots (15)
 B - a wand of polymorph (8)
 O - a wand of charming (13)
Scrolls
 c - 2 scrolls of torment
 d - a scroll of acquirement
 h - 2 scrolls of immolation
 k - 3 scrolls of teleportation
 w - 2 scrolls of fog
 E - 4 scrolls of blinking
 G - a scroll of fear {unknown}
 K - a scroll of vulnerability {unknown}
 N - a scroll of magic mapping
Potions
 e - a potion of magic
 l - 2 potions of haste
 p - 4 potions of mutation
 s - 2 potions of invisibility {unknown}
 z - a potion of might {unknown}
 D - 5 potions of heal wounds
 F - a potion of curing
 I - a potion of cancellation {unknown}
 P - a potion of berserk rage {unknown}


   Skills:
 * Level 6.8 Fighting
 - Level 12.1 Short Blades
 - Level 2.0 Maces & Flails
 - Level 3.0 Throwing
 - Level 14.0 Dodging
 - Level 9.0 Stealth
 - Level 2.1 Spellcasting
 - Level 1.0 Conjurations
 - Level 3.0 Air Magic
 - Level 4.0 Evocations


You had 10 spell levels left.
You knew the following spells:

 Your Spells              Type           Power      Damage    Failure   Level
a - Shock                 Conj/Air       40%        1d5       16%         1
b - Magic Dart            Conj           24%        1d4       22%         1
c - Searing Ray           Conj           12%        2d4       34%         2

Your spell library contained the following spells:

 Spells                   Type           Power      Damage    Failure   Level
 Static Discharge         Conj/Air       20%        2-3/arc   22%         2
 Swiftness                Air            14%        N/A       30%         3
 Apportation              Tloc           4%         N/A       34%         1
 Necrotise                Necr           8%         1d4       34%         1
 Sandblast                Erth           4%         2d4       34%         1
 Passwall                 Tmut/Erth      1%         N/A       45%         2
 Sublimation of Blood     Necr           2%         N/A       45%         2
 Dazzling Flash           Conj/Hex       8%         N/A       63%         3
 Stone Arrow              Conj/Erth      8%         3d7       63%         3
 Airstrike                Air            7%         2d(1-17)  69%         4
 Gell's Gravitas          Tloc           2%         N/A       71%         3
 Teleport Other           Tloc           2%         N/A       71%         3
 Vampiric Draining        Necr           2%         2d6       71%         3
 Fulminant Prism          Conj/Hex       2%         3d5       95%         4
 Petrify                  Tmut/Erth      2%         N/A       98%         4
 Silence                  Hex/Air        4%         N/A       99%         5
 Agony                    Necr           2%         N/A       100%        5
 Alistair's Intoxication  Tmut/Pois      1%         N/A       100%        5
 Irradiate                Conj/Tmut      2%         3d12      100%        5
 Dispersal                Tloc           1%         N/A       100%        6


Dungeon Overview and Level Annotations

Branches:
Dungeon (9/15)             Temple (1/1) D:7            Lair (0/5) D:8
    Orc (0/2) D:9          Bailey (visited)

Altars:
Ashenzari
Cheibriados
Dithmenos
Elyvilon
Fedhas
Gozag
Hepliaklqana
Kikubaaqudgha
Makhleb
Nemelex Xobeh
Okawaru
Qazlal
Ru
Trog
Uskayaw
Vehumet
Wu Jian
Xom
Yredelemnul
Zin
The Shining One
Lugonu

Shops:
D:5 [

Portals:
Abyss: D:3

Annotations:
D:3 rapier (probably disto?) in lucy vault w kobolds


Innate Abilities, Weirdness & Mutations

Your life essence is reduced to manifest your ancestor. (-10% HP)
You are small and have problems with some larger weapons.
You are completely attuned to the shadows.


Message History

You miss the killer bee.
The killer bee is almost dead.
The killer bee stings you.
You hit the killer bee. You burn the killer bee.
You kill the killer bee!
The gnoll bouda barely misses 🦀🦀🦀🦀.
The orc hits you with a +0 club. The orc misses you.
The orc warrior closely misses you. 🦀🦀🦀🦀 hits the gnoll bouda.
You puncture the water moccasin! You burn the water moccasin.
The water moccasin is moderately wounded.
The water moccasin closely misses you.
Your attacks no longer feel as feeble.
The water moccasin bites you. 🦀🦀🦀🦀 hits the gnoll bouda.
The gnoll bouda hits 🦀🦀🦀🦀 with a +0 club!
You puncture the water moccasin! You burn the water moccasin.
The water moccasin is almost dead.
The water moccasin bites you but does no damage. 🦀🦀🦀🦀 hits the gnoll bouda.
The gnoll bouda dies!
A kobold brigand comes into view.
It is wielding a +2 dagger of protection and quivering curare-tipped darts.
You puncture the water moccasin! You burn the water moccasin.
You kill the water moccasin!
You puncture the orc warrior! You burn the orc warrior.
The orc warrior is heavily wounded.
You block the hornet's attack. 🦀🦀🦀🦀 barely misses the orc warrior.
The orc closely misses you.
You completely miss the hornet. The hornet stings you!
You suddenly lose the ability to move!
The orc hits you but does no damage. x2 🦀🦀🦀🦀 closely misses the orc warrior.
The hornet stings you!
The orc warrior hits you with a +0 scimitar of electrocution.
The wight hits 🦀🦀🦀🦀 with a +3 dagger!
The hornet stings you!
The wight hits 🦀🦀🦀🦀 with a +3 dagger!
The orc hits you with a +0 club.
The orc hits you with a +2 hand axe of freezing. 🦀🦀🦀🦀 hits the wight.
The orc warrior hits you with a +0 scimitar of electrocution!
You die... #...# .#...# .....## #.K..# #zyoo#

###.R@o#.
######+
..........
#......
####.#####
###......
.........#
#........
>...#....#
+........
#######....#
#........
#.........##
######...
#.........#
#...
#.........+
#...


You could see the friendly 🦀🦀🦀🦀 the ancestor, a hornet, an orc warrior, a kobold
brigand, a wight (ally target) and 2 orcs.

Vanquished Creatures
  An orc warlord (Bailey)
  Maggie (D:6)
  Sigmund (D:6)
  Menkaure (D:5)
  A steam dragon (D:7)
  Edmund (D:5)
  2 water moccasins
  3 orc warriors (Bailey)
  A black bear (D:6)
  An ice beast (D:6)
  A sky beast (D:7)
  3 ogres
  2 centaurs (D:8)
  2 kobold brigands
  A bullfrog (D:6)
  2 gnoll sergeants
  A scorpion (D:7)
  5 wights (D:8)
  14 killer bees
  5 howler monkeys
  4 hounds
  3 jellies
  2 orc priests (D:4)
  Crazy Yiuf (D:3)
  3 iguanas
  4 sleepcaps
  5 orc wizards
  11 gnolls
  9 adders
  An ufetubus (D:4)
  3 dart slugs
  27 orcs
  3 bats
  7 endoplasms
  3 giant cockroaches
  9 goblins
  9 hobgoblins
  2 jackals (D:3)
  23 kobolds
  A quokka (D:2)
  4 ball pythons
  A frilled lizard (D:1)
  4 rats
  A spectral orc (D:5)
189 creatures vanquished.

Vanquished Creatures (collateral kills)
  A killer bee (D:8)
  A gnoll bouda (D:9)
2 creatures vanquished.

Grand Total: 191 creatures vanquished

Notes
Turn   | Place    | Note
-------+----------+-------------------------------------------
     0 | D:1      | Implojin the Kobold Air Elementalist began the quest for
                  | the Orb.
     0 | D:1      | Reached XP level 1. HP: 10/10 MP: 3/3
   234 | D:1      | Reached skill level 1 in Fighting
   348 | D:1      | Reached XP level 2. HP: 16/16 MP: 5/5
   859 | D:1      | Found a faded altar of an unknown god.
   990 | D:2      | Reached skill level 1 in Short Blades
   990 | D:2      | Reached XP level 3. HP: 20/21 MP: 6/6
  1650 | D:3      | Reached skill level 3 in Dodging
  1669 | D:3      | Danger: Low HP Warning |T2| Reason: 52% HP (11/21)
  1670 | D:3      | Danger: Low HP Warning |T2| Reason: 52% HP (11/21)
  1671 | D:3      | Danger: Low HP Warning |T2| Reason: 57% HP (12/21)
  2047 | D:3      | Learned a level 1 spell: Magic Dart
  2050 | D:3      | Learned a level 2 spell: Searing Ray
  2103 | D:3      | Found a runed translucent door.
  2106 | D:3      | Noticed Crazy Yiuf
  2213 | D:3      | Reached XP level 4. HP: 26/26 MP: 1/7
  2345 | D:3      | Found a one-way gate to the infinite horrors of the Abyss.
  2447 | D:3      | Danger: Low HP Warning |T2| Reason: 50% HP (13/26)
  2448 | D:3      | Danger: Low HP Warning |T2| Reason: 42% HP (11/26)
  2449 | D:3      | Danger: Low HP Warning |T2| Reason: 42% HP (11/26)
  2450 | D:3      | Danger: Low HP Warning |T2| Reason: 46% HP (12/26)
  2451 | D:3      | Danger: Low HP Warning |T2| Reason: 38% HP (10/26)
  2452 | D:3      | Danger: Low HP Warning |T2| Reason: 38% HP (10/26)
  2453 | D:3      | Danger: Low HP Warning |T2| Reason: 38% HP (10/26)
  2454 | D:3      | Danger: Low HP Warning |T2| Reason: 42% HP (11/26)
  2455 | D:3      | Danger: Low HP Warning |T2| Reason: 42% HP (11/26)
  2456 | D:3      | Danger: Low HP Warning |T2| Reason: 42% HP (11/26)
  2457 | D:3      | Danger: Low HP Warning |T2| Reason: 42% HP (11/26)
  2458 | D:3      | Reached skill level 1 in Maces & Flails
  2469 | D:3      | Danger: Low HP Warning |T2| Reason: 53% HP (14/26)
  2470 | D:3      | Danger: Low HP Warning |T2| Reason: 53% HP (14/26)
  2648 | D:3      | Found a large runed translucent door.
  2648 | D:3      | Found a large runed translucent door.
  3120 | D:3      | Found a corrupted altar of Lugonu.
  3121 | D:3      | Danger: kobold |T3| Reason: Distortion weapon!
  3122 | D:3      | Danger: kobold |T3| Reason: Distortion weapon!
  3123 | D:3      | Danger: kobold |T3| Reason: Distortion weapon!
  3124 | D:3      | Danger: kobold |T3| Reason: Distortion weapon!
  3125 | D:3      | Danger: kobold |T3| Reason: Distortion weapon!
  3126 | D:3      | Danger: kobold |T3| Reason: Distortion weapon!
  3155 | D:3      | Reached XP level 5. HP: 26/30 MP: 4/8
  3205 | D:4      | Noticed an ogre
  3377 | D:4      | Danger: orc |T2| Reason: Quivering boomerangs, careful!
  3379 | D:4      | Danger: orc |T2| Reason: Quivering boomerangs, careful!
  3383 | D:4      | Danger: Low HP Warning |T2| Reason: 53% HP (16/30)
  3384 | D:4      | Danger: Low HP Warning |T2| Reason: 53% HP (16/30)
  3385 | D:4      | Danger: Low HP Warning |T2| Reason: 53% HP (16/30)
  3386 | D:4      | Danger: Low HP Warning |T2| Reason: 53% HP (16/30)
  3390 | D:4      | Danger: orc |T2| Reason: Quivering boomerangs, careful!
  3390 | D:4      | Danger: Low HP Warning |T2| Reason: 56% HP (17/30)
  3392 | D:4      | Danger: Low HP Warning |T2| Reason: 60% HP (18/30)
  3393 | D:4      | Danger: Low HP Warning |T2| Reason: 60% HP (18/30)
  3394 | D:4      | Danger: Low HP Warning |T2| Reason: 60% HP (18/30)
  3503 | D:4      | Danger: howler monkey |T2| Reason: OOD monster, careful!
  3518 | D:4      | Danger: Low HP Warning |T2| Reason: 56% HP (17/30)
  3519 | D:4      | Danger: Low HP Warning |T2| Reason: 56% HP (17/30)
  3520 | D:4      | Danger: Low HP Warning |T2| Reason: 60% HP (18/30)
  3521 | D:4      | Danger: Low HP Warning |T2| Reason: 53% HP (16/30)
  3522 | D:4      | Danger: Low HP Warning |T2| Reason: 46% HP (14/30)
  3523 | D:4      | Danger: Low HP Warning |T2| Reason: 46% HP (14/30)
  3525 | D:4      | Danger: Low HP Warning |T2| Reason: 60% HP (18/30)
  3526 | D:4      | Danger: Low HP Warning |T2| Reason: 56% HP (17/30)
  3527 | D:4      | Danger: Low HP Warning |T2| Reason: 56% HP (17/30)
  3528 | D:4      | Danger: Low HP Warning |T2| Reason: 53% HP (16/30)
  3529 | D:4      | Danger: Low HP Warning |T2| Reason: 53% HP (16/30)
  3530 | D:4      | Danger: Low HP Warning |T2| Reason: 46% HP (14/30)
  3531 | D:4      | Danger: Low HP Warning |T2| Reason: 43% HP (13/30)
  3532 | D:4      | Danger: Low HP Warning |T2| Reason: 43% HP (13/30)
  3533 | D:4      | Danger: Low HP Warning |T2| Reason: 36% HP (11/30)
  3534 | D:4      | Danger: orc |T2| Reason: Quivering boomerangs, careful!
  3534 | D:4      | Danger: Low HP Warning |T2| Reason: 36% HP (11/30)
  3542 | D:4      | Danger: orc |T2| Reason: Quivering boomerangs, careful!
  3544 | D:4      | Danger: orc |T2| Reason: Quivering boomerangs, careful!
  3546 | D:4      | Danger: orc |T2| Reason: Quivering boomerangs, careful!
  3547 | D:4      | Danger: Low HP Warning |T2| Reason: 60% HP (18/30)
  3548 | D:4      | Danger: orc |T2| Reason: Quivering boomerangs, careful!
  3548 | D:4      | Danger: Low HP Warning |T2| Reason: 60% HP (18/30)
  3550 | D:4      | Danger: orc |T2| Reason: Quivering boomerangs, careful!
  3552 | D:4      | Danger: orc |T2| Reason: Quivering boomerangs, careful!
  3553 | D:4      | Reached XP level 6. HP: 30/35 MP: 9/9
  3554 | D:4      | Danger: orc |T2| Reason: Quivering boomerangs, careful!
  3556 | D:4      | Danger: orc |T2| Reason: Quivering boomerangs, careful!
  3619 | D:4      | Reached skill level 5 in Short Blades
  3677 | D:4      | You fall into a shaft and drop 1 floor!
  3677 | D:4      | Danger: Shafted! |T3| Reason: Shafted!
  3677 | D:5      | Entered Level 5 of the Dungeon
  3700 | D:5      | Danger: killer bee |T2| Reason: OOD monster, careful!
  3700 | D:5      | Danger: killer bee |T2| Reason: OOD monster, careful!
  3718 | D:5      | Noticed an ogre
  3734 | D:5      | Found a basalt altar of Yredelemnul.
  3807 | D:5      | Found Wiafate's Antique Armour Emporium.
  3812 | D:5      | Identified the +5 sling of Intuition {antimagic, rPois rF++
                  | Will+ Stlth-}
  3817 | D:5      | Bought a runed robe for 114 gold pieces
  4423 | D:4      | Danger: orc priest |T2| Reason: OOD monster, careful!
  4424 | D:4      | Danger: Low HP Warning |T2| Reason: 60% HP (21/35)
  4425 | D:4      | Danger: Low HP Warning |T2| Reason: 60% HP (21/35)
  4426 | D:4      | Danger: Low HP Warning |T2| Reason: 60% HP (21/35)
  4427 | D:4      | Danger: orc wizard |T2| Reason: OOD monster, careful!
  4432 | D:4      | Danger: Low HP Warning |T2| Reason: 48% HP (17/35)
  4433 | D:4      | Danger: Low HP Warning |T2| Reason: 51% HP (18/35)
  4434 | D:4      | Danger: Low HP Warning |T2| Reason: 51% HP (18/35)
  4465 | D:4      | Danger: orc priest |T2| Reason: OOD monster, careful!
  4872 | D:3      | Danger: kobold |T3| Reason: Distortion weapon!
  4873 | D:3      | Reached skill level 4 in Dodging
  5314 | D:5      | Reached XP level 7. HP: 35/40 MP: 3/10
  5339 | D:5      | Danger: Low HP Warning |T2| Reason: 47% HP (19/40)
  5340 | D:5      | Danger: Low HP Warning |T2| Reason: 50% HP (20/40)
  5341 | D:5      | Reached skill level 5 in Dodging
  5444 | D:5      | Danger: killer bee |T2| Reason: OOD monster, careful!
  5444 | D:5      | Danger: killer bee |T2| Reason: OOD monster, careful!
  5448 | D:5      | Danger: killer bee |T2| Reason: OOD monster, careful!
  5448 | D:5      | Noticed Edmund
  5449 | D:5      | Danger: Edmund |T2| Reason: Unique monster, careful!
  5451 | D:5      | Killed Edmund
  5452 | D:5      | Reached skill level 6 in Dodging
  5510 | D:5      | Danger: orc |T2| Reason: Quivering boomerangs, careful!
  5516 | D:4      | Danger: Low HP Warning |T2| Reason: 57% HP (23/40)
  5588 | D:4      | Danger: Low HP Warning |T2| Reason: 35% HP (14/40)
  5589 | D:4      | Danger: Low HP Warning |T2| Reason: 37% HP (15/40)
  5590 | D:4      | Danger: Low HP Warning |T2| Reason: 37% HP (15/40)
  5591 | D:4      | Danger: Low HP Warning |T2| Reason: 37% HP (15/40)
  5592 | D:4      | Danger: Low HP Warning |T2| Reason: 37% HP (15/40)
  5595 | D:4      | Danger: Low HP Warning |T2| Reason: 40% HP (16/40)
  5596 | D:4      | Danger: Low HP Warning |T2| Reason: 40% HP (16/40)
  5597 | D:4      | Danger: Low HP Warning |T2| Reason: 42% HP (17/40)
  5598 | D:4      | Danger: Low HP Warning |T2| Reason: 42% HP (17/40)
  5599 | D:4      | Danger: Low HP Warning |T2| Reason: 42% HP (17/40)
  5602 | D:4      | Danger: Low HP Warning |T2| Reason: 45% HP (18/40)
  5603 | D:4      | Danger: Low HP Warning |T2| Reason: 45% HP (18/40)
  5733 | D:5      | Danger: orc |T2| Reason: Quivering boomerangs, careful!
  5735 | D:4      | Danger: orc wizard |T2| Reason: OOD monster, careful!
  5750 | D:4      | Danger: Low HP Warning |T2| Reason: 37% HP (15/40)
  5968 | D:4      | Danger: orc wizard |T2| Reason: OOD monster, careful!
  6035 | D:4      | Danger: orc wizard |T2| Reason: OOD monster, careful!
  6168 | D:5      | Noticed Menkaure
  6169 | D:5      | Danger: Menkaure |T2| Reason: Unique monster, careful!
  6169 | D:5      | Danger: Menkaure |T3| Reason: Torment and not torment
                  | immune!
  6172 | D:5      | Danger: Menkaure |T2| Reason: Unique monster, careful!
  6172 | D:5      | Danger: Menkaure |T3| Reason: Torment and not torment
                  | immune!
  6172 | D:5      | Killed Menkaure
  6173 | D:5      | Reached XP level 8. HP: 44/44 MP: 11/11
  6194 | D:5      | Danger: howler monkey |T2| Reason: OOD monster, careful!
  6242 | D:5      | Danger: killer bee |T2| Reason: OOD monster, careful!
  6243 | D:5      | Danger: killer bee |T2| Reason: OOD monster, careful!
  6244 | D:5      | Danger: killer bee |T2| Reason: OOD monster, careful!
  6244 | D:5      | Danger: killer bee |T2| Reason: OOD monster, careful!
  6247 | D:5      | Danger: killer bee |T2| Reason: OOD monster, careful!
  6249 | D:5      | Danger: Low HP Warning |T2| Reason: 50% HP (22/44)
  6250 | D:5      | Danger: killer bee |T2| Reason: OOD monster, careful!
  6250 | D:5      | Danger: Low HP Warning |T2| Reason: 36% HP (16/44)
  6250 | D:5      | HP: 2/44 [killer bee (9)]
  6251 | D:5      | Danger: Low HP Warning |T3| Reason: 4% HP (2/44)
  6291 | D:5      | Danger: Low HP Warning |T2| Reason: 47% HP (21/44)
  6292 | D:5      | Danger: Low HP Warning |T2| Reason: 47% HP (21/44)
  6293 | D:5      | Danger: Low HP Warning |T2| Reason: 50% HP (22/44)
  6294 | D:5      | Danger: Low HP Warning |T2| Reason: 50% HP (22/44)
  6295 | D:5      | Danger: Low HP Warning |T2| Reason: 50% HP (22/44)
  6296 | D:5      | Danger: Low HP Warning |T2| Reason: 50% HP (22/44)
  6297 | D:5      | Danger: Low HP Warning |T2| Reason: 50% HP (22/44)
  6717 | D:6      | Reached skill level 5 in Stealth
  6783 | D:6      | Identified the +1 leather armour of Misanthropy {rElec
                  | rPois Int+2}
  6784 | D:6      | Noticed Maggie
  6785 | D:6      | Danger: Maggie |T2| Reason: Unique monster, careful!
  6785 | D:6      | Danger: Maggie |T2| Reason: Bolt of Fire deals more than
                  | 50% MHP!
  6789 | D:6      | Noticed Sigmund
  6790 | D:6      | Danger: Sigmund |T2| Reason: Unique monster, careful!
  7023 | D:6      | Reached XP level 9. HP: 51/51 MP: 12/12
  7390 | D:5      | Danger: killer bee |T2| Reason: OOD monster, careful!
  7390 | D:5      | Danger: killer bee |T2| Reason: OOD monster, careful!
  7392 | D:5      | Danger: killer bee |T2| Reason: OOD monster, careful!
  7418 | D:5      | Danger: killer bee |T2| Reason: OOD monster, careful!
  7421 | D:5      | Danger: killer bee |T2| Reason: OOD monster, careful!
  7707 | D:3      | Danger: Crazy Yiuf |T2| Reason: Unique monster, careful!
  7707 | D:3      | Danger: Crazy Yiuf |T2| Reason: carrying a wand of roots
                  | (13), careful!
  7710 | D:3      | Killed Crazy Yiuf
  8662 | D:6      | Danger: Sigmund |T2| Reason: Unique monster, careful!
  8667 | D:6      | Killed Sigmund
  8668 | D:6      | Reached skill level 10 in Short Blades
  8826 | D:6      | Danger: Maggie |T2| Reason: Unique monster, careful!
  8826 | D:6      | Danger: Maggie |T2| Reason: Bolt of Fire and not rF+,
                  | careful
  8826 | D:6      | Danger: Maggie |T2| Reason: Bolt of Fire deals more than
                  | 50% MHP!
  8829 | D:6      | Danger: Maggie |T2| Reason: Unique monster, careful!
  8829 | D:6      | Danger: Maggie |T2| Reason: Bolt of Fire and not rF+,
                  | careful
  8829 | D:6      | Danger: Maggie |T2| Reason: Bolt of Fire deals more than
                  | 50% MHP!
  8832 | D:6      | Killed Maggie
  9354 | D:7      | Identified the +8 short sword of the Real Monster {flame,
                  | Int+4}
  9380 | D:7      | Danger: steam dragon |T2| Reason: Steam Ball deals more
                  | than 50% MHP!
  9382 | D:7      | Danger: steam dragon |T2| Reason: Steam Ball deals more
                  | than 50% MHP!
  9384 | D:7      | Reached XP level 10. HP: 56/56 MP: 13/13
  9413 | D:7      | Danger: kobold |T2| Reason: Quivering poison darts and no
                  | rPois, careful!
  9416 | D:7      | Found a staircase to the Ecumenical Temple.
  9422 | Temple   | Entered the Ecumenical Temple
  9642 | Temple   | Became a worshipper of Hepliaklqana the Forgotten
  9696 | D:7      | Danger: kobold brigand |T3| Reason: Quivering curare and no
                  | rPois, watch out!!
  9697 | D:7      | Danger: kobold brigand |T3| Reason: Quivering curare and no
                  | rPois, watch out!!
  9698 | D:7      | Danger: kobold |T2| Reason: Quivering poison darts and no
                  | rPois, careful!
  9698 | D:7      | Danger: kobold |T2| Reason: Quivering poison darts and no
                  | rPois, careful!
  9698 | D:7      | Danger: kobold brigand |T3| Reason: Quivering curare and no
                  | rPois, watch out!!
  9699 | D:7      | Danger: kobold brigand |T3| Reason: Quivering curare and no
                  | rPois, watch out!!
  9700 | D:7      | Danger: kobold brigand |T3| Reason: Quivering curare and no
                  | rPois, watch out!!
  9824 | D:7      | Identified the +6 dagger "Sasec" {freeze, Drain Will+ Int+2
                  | Stlth+}
  9835 | D:7      | Found a flagged portal.
  9860 | Bailey   | Entered a bailey
  9869 | Bailey   | Danger: kobold |T2| Reason: Quivering boomerangs, careful!
  9870 | Bailey   | Danger: kobold |T2| Reason: Quivering boomerangs, careful!
  9886 | Bailey   | Danger: kobold |T2| Reason: Quivering boomerangs, careful!
  9891 | Bailey   | Danger: kobold |T2| Reason: Quivering boomerangs, careful!
  9893 | Bailey   | Danger: kobold |T2| Reason: Quivering boomerangs, careful!
  9896 | Bailey   | Noticed an orc warlord
  9899 | Bailey   | Danger: kobold |T2| Reason: Quivering boomerangs, careful!
  9932 | Bailey   | Danger: kobold |T2| Reason: Quivering boomerangs, careful!
  9936 | Bailey   | Danger: kobold |T2| Reason: Quivering boomerangs, careful!
  9942 | Bailey   | Danger: Low HP Warning |T2| Reason: 57% HP (32/56)
  9943 | Bailey   | Danger: Low HP Warning |T2| Reason: 57% HP (32/56)
  9944 | Bailey   | Reached skill level 1 in Throwing
  9944 | Bailey   | Danger: Low HP Warning |T2| Reason: 57% HP (32/56)
  9946 | Bailey   | Danger: Low HP Warning |T2| Reason: 57% HP (32/56)
  9947 | Bailey   | Danger: Low HP Warning |T2| Reason: 58% HP (33/56)
  9948 | Bailey   | Danger: Low HP Warning |T2| Reason: 58% HP (33/56)
  9949 | Bailey   | Danger: Low HP Warning |T2| Reason: 58% HP (33/56)
  9950 | Bailey   | Danger: Low HP Warning |T2| Reason: 60% HP (34/56)
  9951 | Bailey   | Danger: Low HP Warning |T2| Reason: 60% HP (34/56)
  9952 | Bailey   | Danger: Low HP Warning |T2| Reason: 60% HP (34/56)
  9953 | Bailey   | Danger: Low HP Warning |T2| Reason: 60% HP (34/56)
  9962 | Bailey   | Danger: kobold |T2| Reason: Quivering boomerangs, careful!
 10022 | Bailey   | Found a runed translucent gate.
 10023 | Bailey   | Found a runed translucent gate.
 10024 | Bailey   | Found a runed translucent gate.
 10050 | Bailey   | Danger: kobold |T2| Reason: Quivering boomerangs, careful!
 10141 | Bailey   | Killed an orc warlord
 10142 | Bailey   | Reached skill level 5 in Fighting
 10142 | Bailey   | Reached skill level 7 in Dodging
 10203 | Bailey   | Danger: kobold |T2| Reason: Quivering boomerangs, careful!
 10229 | Bailey   | Reached skill level 14 in Dodging
 10229 | Bailey   | Reached XP level 11. HP: 63/63 MP: 14/14
 10730 | D:7      | Identified a scroll of acquirement
 10732 | D:7      | Acquired the amulet "Zuysh" {Reflect rElec rPois SH+5}
 11129 | D:8      | Danger: orc |T2| Reason: Quivering boomerangs, careful!
 11324 | D:8      | Found a staircase to the Lair.
 11456 | D:8      | Reached * piety under Hepliaklqana
 12204 | D:9      | Found a staircase to the Orcish Mines.
 12279 | D:9      | Danger: orc |T2| Reason: Quivering boomerangs, careful!
 12296 | D:9      | Paralysed by a hornet for 3 turns
 12298 | D:9      | Slain by an orc warrior

Illustrated notes

Levels and vault maps discovered:
D:1:      psy_arrival_terrarium, layout_basic, nicolae_ecumenical_lake_church,
          serial_forest, infiniplex_forest_clump_long,
          infiniplex_forest_end_double, infiniplex_forest_lined_room_,
          infiniplex_forest_straight_3, infiniplex_forest_clump_curved,
          infiniplex_forest_lined_2
D:2:      layout_basic
D:3:      due_chaos_kobolds, layout_basic, uniq_crazy_yiuf_cottage
D:4:      layout_gridville
D:5:      layout_rooms, yredelemnul_forgotten_temple_becter, serial_shops,
          shop_fountains, uniq_edmund, uniq_menkaure
D:6:      layout_loops_corners, minmay_strange_pillars, kennysheep_nondescript,
          uniq_maggie, uniq_sigmund
D:7:      layout_cave_pods, minmay_temple_entry_hall, enter_bailey_7,
          serial_park_tiny_2
D:8:      layout_gridville, lair_entry_dummy
D:9:      minmay_recursive_quarters, layout_gridville, orc_0_dummy,
          grunt_decor_arrowhead, minmay_fractal_squares_gapless_5
Temple:   mainiacjoe_temple_archimedes_tessellation

Skill      XL: |  1  2  3  4  5  6  7  8  9 10 11 |
---------------+----------------------------------+-----
Fighting       | 1 2 3 5 6 |  6.8
Short Blades   | 1 2 4 6 7 8 12 | 12.1
Stealth        | 3 8 9 |  9.0
Dodging        | 3 4 6 14 | 14.0
Maces & Flails | 2 |  2.0
Evocations     | 4 |  4.0
Throwing       | 3 |  3.0
Spellcasting   | |  2.1
Conjurations   | |  1.0
Air Magic      | |  3.0

Action                     |  1- 3 |  4- 6 |  7- 9 | 10-12 || total
---------------------------+-------+-------+-------+-------++-------
  Melee: Dagger            |    82 |    67 |       |       ||   149
         Unarmed           |     1 |       |       |       ||     1
         Punch             |     2 |     3 |     1 |     1 ||     7
         Whip              |    17 |    71 |       |       ||    88
         Rapier            |       |       |   148 |       ||   148
         Short sword       |       |       |     1 |   183 ||   184
   Fire: Sling             |       |    50 |     6 |       ||    56
  Throw: Boomerang         |       |       |     3 |     3 ||     6
   Cast: Shock             |     8 |       |       |       ||     8
         Magic Dart        |     8 |    19 |     4 |       ||    31
         Searing Ray       |       |     2 |       |       ||     2
 Invoke: Ancestor Identity |       |       |       |     1 ||     1
  Evoke: Wand              |       |       |     8 |     3 ||    11
    Use: Scroll            |     7 |     5 |    11 |     4 ||    27
         Potion            |       |     4 |     3 |     1 ||     8
   Stab: Sleeping          |    10 |     1 |    18 |     5 ||    34
         Distracted        |       |     1 |     1 |     1 ||     3
 Armour: Robe              |    15 |    25 |     3 |       ||    43
         Leather armour    |       |       |     7 |       ||     7
         Acid dragon scale |       |       |     5 |    32 ||    37
  Dodge: Dodged            |    68 |   132 |   121 |   145 ||   466
  Block: Other             |       |       |       |    21 ||    21
